 Dungeon Crawl Stone Soup version 0.30-b1-2-g02819fbbbe (webtiles) character file.

Game seed: 15616313963910398648

15022 Arcadio the Cleaver (level 11, 0/160 HPs)
             Began as a Minotaur Berserker on May 8, 2023.
             Was a High Priest of Trog.
             Succumbed to a black mamba's poison
             ... on level 4 of the Lair of Beasts.
             The game lasted 00:29:57 (12886 turns).

Arcadio the Cleaver (Minotaur Berserker)           Turns: 12886, Time: 00:29:58

Health: 0/160      AC: 15    Str: 27    XL:     11   Next: 96%
Magic:  10/10      EV: 11    Int:  4    God:    Trog [*****.]
Gold:   726        SH: 10    Dex:  9    Spells: 10/10 levels left

rFire   + . .        x - +0 morningstar
rCold   . . .        z - +0 buckler
rNeg    . . .        y - +0 swamp dragon scales
rPois   +            S - +1 hat {Will+}
rElec   .            (no cloak)
rCorr   .            (no gloves)
SInv    +            Y - +2 pair of boots
Will    +....        A - amulet of reflection Stlth
                     F - ring of see invisible
HPRegen 0.46/turn    W - ring of protection from fire
MPRegen 0.12/turn

%: reflection
@: berserking, lethally poisoned (0 -> -6), very quick
A: horns 2, retaliatory headbutt
a: Renounce Religion, Berserk, Trog's Hand, Brothers in Arms


You were on level 4 of the Lair of Beasts.
You worshipped Trog.
Trog was extremely pleased with you.
You visited 3 branches of the dungeon, and saw 15 of its levels.

You collected 880 gold pieces.
You spent 154 gold pieces at shops.

Inventory:

Hand Weapons
 x - a +0 morningstar (weapon)
 D - a +4 hand axe
 Q - a +2 quarterstaff of holy wrath
 Z - a +2 heavy war axe
Missiles
 M - 4 silver boomerangs (quivered)
Armour
 y - +0 swamp dragon scales (worn)
 z - a +0 buckler (worn)
 K - the +5 ring mail of Duty {rN+ Dex+3}
   (You found it on level 9 of the Dungeon)

   Dex:       It affects your dexterity (+3).
   rN:        It protects you from negative energy.
 L - a +0 plate armour
 S - a +1 hat of willpower (worn)
 Y - a +2 pair of boots (worn)
Jewellery
 e - a +6 ring of intelligence
 g - an amulet of magic regeneration
 A - an amulet of reflection (around neck)
 F - a ring of see invisible (left hand)
 W - a ring of protection from fire (right hand)
Wands
 a - a wand of paralysis (3)
 o - a wand of flame (32)
 s - a wand of polymorph (9)
 J - a wand of digging (7)
Scrolls
 f - 4 scrolls of amnesia {unknown}
 k - 3 scrolls of fear {unknown}
 l - 4 scrolls of immolation {unknown}
 m - a scroll of silence {unknown}
 p - 9 scrolls of teleportation {unknown}
 q - 2 scrolls of vulnerability {unknown}
 r - 3 scrolls of enchant armour {unknown}
 v - 11 scrolls of identify {unknown}
 w - 3 scrolls of blinking {unknown}
 E - a scroll of noise {unknown}
 H - a scroll of fog {unknown}
 O - a scroll of torment {unknown}
 R - a scroll of enchant weapon {unknown}
 U - a scroll of acquirement {unknown}
 X - a scroll of magic mapping {unknown}
Potions
 b - 2 potions of attraction {unknown}
 c - 4 potions of degeneration {unknown}
 d - 4 potions of brilliance
 h - 4 potions of mutation {unknown}
 i - 5 potions of heal wounds {unknown}
 n - 11 potions of curing {unknown}
 t - 2 potions of resistance {unknown}
 u - 4 potions of flight {unknown}
 B - 3 potions of lignification {unknown}
 C - 2 potions of haste
 G - a potion of ambrosia {unknown}
 N - a potion of invisibility {unknown}
 T - a potion of magic {unknown}
 V - a potion of might {unknown}


   Skills:
 + Level 13.1 Fighting
 + Level 13.1 Axes
 + Level 12.8 Armour
 - Level 2.1 Dodging
 - Level 8.2 Shields


You had 10 spell levels left.
You didn't know any spells.
Your spell library was empty.

Dungeon Overview and Level Annotations

Branches:
Dungeon (10/15) Zot: 26977  Temple (1/1) D:6 Zot: 5800    Lair (4/5) D:9 Zot: 20109
  Swamp (0/4) Lair:3        Snake (0/4) Lair:3
  Slime: Lair:4-5       Orc: D:9-12

Altars:
Ashenzari
Cheibriados
Dithmenos
Elyvilon
Fedhas
Gozag
Hepliaklqana
Kikubaaqudgha
Makhleb
Nemelex Xobeh
Okawaru
Qazlal
Ru
Sif Muna
Trog
Uskayaw
Vehumet
Wu Jian
Xom
Yredelemnul
Zin
The Shining One
Lugonu

Shops:
D:6 *   D:7 [   D:8 *

Portals:
Abyss: D:5


Innate Abilities, Weirdness & Mutations

You have a pair of horns on your head.
You reflexively headbutt those who attack you in melee.


Message History

The black mamba bites you but does no damage.
The black mamba bites you!
You are poisoned.
The black mamba poisons you!
x - a +0 morningstar (weapon)
You feel sick. You block the black mamba's attack.
A red film seems to cover your vision as you go berserk!
You feel yourself moving faster!
You feel mighty! The ice encasing you melts away.
You feel very sick.
The black mamba bites you but does no damage.
You block the black mamba's attack. The seven-headed hydra bites you.
* * * LOW HITPOINT WARNING * * *
The seven-headed hydra bites you but does no damage.
You block the seven-headed hydra's attack.
The seven-headed hydra barely misses you.
The seven-headed hydra bites you but does no damage.
The seven-headed hydra bites you.
* * * LOW HITPOINT WARNING * * *
The seven-headed hydra bites you but does no damage.
You puncture the seven-headed hydra! You headbutt the seven-headed hydra!
The seven-headed hydra is moderately wounded.
You feel sick. The black mamba barely misses you.
You sock the seven-headed hydra!
The seven-headed hydra is heavily wounded.
You feel sick. You block the black mamba's attack.
The seven-headed hydra bites you!
* * * LOW HITPOINT WARNING * * *
The seven-headed hydra bites you but does no damage.
You block the seven-headed hydra's attack.
The seven-headed hydra closely misses you.
The seven-headed hydra bites you!
* * * LOW HITPOINT WARNING * * *
You block the seven-headed hydra's attack.
The seven-headed hydra bites you but does no damage.
The black mamba barely misses you. You furiously retaliate!
You headbutt the black mamba!! You bludgeon the seven-headed hydra!!
The seven-headed hydra is almost dead.
You die...

#..........
....##....P #..
##.... #....
##....###
##.....#.#
P........####
.........D..##
........kS@..#
.........##...#
#.......## ....#
....._...# ....#
#........# ...##
#......... ....
................
......P#........P
.###.P.......


You could see a seven-headed hydra, a black mamba and a rime drake.

Vanquished Creatures
  Gastronok (Lair:2)
  A bog body (Lair:3)
  A lindwurm (Lair:3)
  6 elephants (Lair:3)
  2 black mambas
  A cane toad (Lair:1)
  Psyche (D:8)
  3 komodo dragons
  Maggie (D:6)
  A polar bear (Lair:2)
  A troll (D:9)
  3 blink frogs (Lair:2)
  10 yaks
  4 wyverns (Lair:2)
  Eustachio (D:6)
  A wraith (D:9)
  2 steam dragons
  2 swamp worms (Lair:3)
  8 water moccasins
  2 sky beasts
  2 ogres (D:5)
  2 black bears (D:5)
  An orc warrior (D:9)
  8 wolves
  3 centaurs
  4 phantoms
  A kobold brigand (D:9)
  7 bullfrogs
  3 scorpions
  8 wights (D:7)
  4 killer bees (D:9)
  An electric eel (Lair:3)
  6 hounds
  A gnoll bouda (D:6)
  3 jellies
  4 orc priests
  5 iguanas
  A sleepcap (D:5)
  Natasha (thrice) (D:2)
  5 orc wizards
  4 hell rats (Lair:2)
  5 gnolls (D:6)
  10 adders
  A shadow imp (D:5)
  3 white imps
  An ufetubus (D:5)
  5 dart slugs
  18 orcs
  9 ball pythons
  10 bats
  12 endoplasms
  2 giant cockroaches (D:1)
  5 goblins
  9 hobgoblins
  11 jackals
  4 quokkas
  4 frilled lizards
  9 kobolds
  6 rats
252 creatures vanquished.

Vanquished Creatures (others)
  A sleepcap (D:7)
  11 fungi
  A lurking horror (D:5)
  11 plants
24 creatures vanquished.

Grand Total: 276 creatures vanquished

Notes
Turn   | Place    | Note
-------+----------+-------------------------------------------
     0 | D:1      | Arcadio the Minotaur Berserker began the quest for the Orb.
     0 | D:1      | Reached XP level 1. HP: 19/19 MP: 0/0
   101 | D:1      | Reached XP level 2. HP: 24/27 MP: 1/1
   298 | D:1      | Reached XP level 3. HP: 33/33 MP: 2/2
   465 | D:1      | Found a faded altar of an unknown god.
   537 | D:1      | Reached ** piety under Trog
   829 | D:2      | Noticed Natasha
   838 | D:2      | Killed Natasha
   839 | D:2      | Reached XP level 4. HP: 23/41 MP: 3/3
  1382 | D:2      | Found a sparkling altar of Nemelex Xobeh.
  1393 | D:2      | Noticed Natasha
  1400 | D:2      | Killed Natasha
  1404 | D:2      | Reached XP level 5. HP: 42/47 MP: 4/4
  1440 | D:2      | Noticed Natasha
  1456 | D:2      | Killed Natasha
  1457 | D:2      | Reached skill level 5 in Fighting
  1457 | D:2      | Reached skill level 5 in Axes
  1900 | D:3      | Found a radiant altar of Vehumet.
  2061 | D:3      | Reached *** piety under Trog
  2663 | D:4      | Found a stormy altar of Qazlal.
  2938 | D:4      | Reached XP level 6. HP: 53/56 MP: 5/5
  3082 | D:4      | Reached skill level 5 in Armour
  3198 | D:5      | Entered Level 5 of the Dungeon
  3352 | D:5      | Noticed an ice beast
  3592 | D:4      | Reached XP level 7. HP: 56/63 MP: 6/6
  3618 | D:5      | Found a one-way gate to the infinite horrors of the Abyss.
  3620 | D:5      | Found a corrupted altar of Lugonu.
  3936 | D:5      | Reached **** piety under Trog
  4137 | D:5      | Reached XP level 8. HP: 46/73 MP: 7/7
  4219 | D:5      | Noticed a gargoyle
  4436 | D:6      | Noticed Eustachio
  4621 | D:6      | Killed Eustachio
  5251 | D:6      | Found a staircase to the Ecumenical Temple.
  5257 | Temple   | Entered the Ecumenical Temple
  5524 | D:6      | Noticed Maggie
  5536 | D:6      | Killed Maggie
  5537 | D:6      | Reached XP level 9. HP: 83/83 MP: 8/8
  5766 | D:6      | Found Vyrchorec's Assorted Antiques.
  6098 | D:7      | Found a white marble altar of Elyvilon.
  6098 | D:7      | Found a glowing silver altar of Zin.
  6098 | D:7      | Found a shadowy altar of Dithmenos.
  6098 | D:7      | Found a shimmering blue altar of Sif Muna.
  6299 | D:7      | Reached skill level 1 in Shields
  6327 | D:7      | Found Peisiur's Antique Armour Shop.
  7354 | D:8      | Found Rakheb's General Store.
  7366 | D:8      | Bought a +1 hat for 154 gold pieces
  7667 | D:8      | Reached skill level 10 in Fighting
  7667 | D:8      | Reached skill level 10 in Axes
  7699 | D:8      | Noticed Psyche
  7711 | D:8      | Killed Psyche
  7904 | D:8      | Reached XP level 10. HP: 94/94 MP: 9/9
  7908 | D:8      | Reached skill level 10 in Armour
  8239 | D:9      | Identified the +1 robe of the Mind {Will- Str+3 Archmagi}
  8338 | D:9      | Reached skill level 5 in Shields
  8425 | D:9      | Identified the +5 ring mail of Duty {rN+ Dex+3}
  8428 | D:9      | Found a staircase to the Lair.
  8999 | D:10     | Entered Level 10 of the Dungeon
  9010 | Lair:1   | Entered Level 1 of the Lair of Beasts
  9055 | Lair:1   | Noticed a cane toad
  9061 | Lair:1   | Killed a cane toad
  9638 | Lair:1   | Noticed a black mamba
  9644 | Lair:1   | Killed a black mamba
 10136 | Lair:2   | Reached ***** piety under Trog
 10141 | Lair:2   | Reached XP level 11. HP: 74/102 MP: 10/10
 10636 | Lair:2   | Noticed Gastronok
 10650 | Lair:2   | Killed Gastronok
 11707 | Lair:3   | Noticed a lindwurm
 11724 | Lair:3   | Killed a lindwurm
 11730 | Lair:3   | Received a gift from Trog
 11800 | Lair:3   | Found a staircase to the Snake Pit.
 11876 | Lair:3   | Found a staircase to the Swamp.
 11878 | Lair:3   | Noticed a bog body
 11881 | Lair:3   | Killed a bog body
 12719 | Lair:3   | Identified the +1 robe of Geagunwi {-Tele Harm +Inv Str+5}
 12874 | Lair:4   | Found a hide-covered altar of Uskayaw.
 12874 | Lair:4   | Noticed a seven-headed hydra
 12885 | Lair:4   | HP: 2/160 [seven-headed hydra (10)]
 12886 | Lair:4   | Succumbed to a black mamba's poison

Illustrated notes

Levels and vault maps discovered:
D:1:      amcnicky_arrival_flooded_fountain, layout_rooms, serial_bayou,
          serial_bayou_pond_b, serial_bayou_lagoon_a, serial_bayou_pond_e,
          serial_bayou_shore_b, dreamdust_ecumenical_altar_angels_and_demons,
          corner_web_ring, dk_noncrumbling_4
D:2:      layout_loops_corners, basic_altar, uniq_natasha
D:3:      layout_loops_corners, mainiacjoe_overflow_tiny_flanked,
          chequers_mini_garden
D:4:      layout_gridville, nicolae_qazlal_scattered_showers
D:5:      kennysheep_windowed_halls, layout_layer_cave,
          amcnicky_altar_lugonu_corruption
D:6:      layout_basic, minmay_temple_entry_fiery, serial_shops, shop,
          uniq_maggie, uniq_eustachio
D:7:      layout_loops_ring, chequers_temple_overflow_statue_of_worship,
          serial_shops, shop, serial_rivers, chequers_serial_rivers_micro_a,
          chequers_serial_rivers_large_b, chequers_serial_rivers_micro_a,
          chequers_serial_rivers_room_a, chequers_serial_rivers_room_a,
          chequers_serial_rivers_micro_d, dk_noncrumbling_3
D:8:      layout_gridville, serial_shops, nicolae_shop_tiny_statue_garden,
          chequers_serial_rivers_micro_a, uniq_psyche
D:9:      layout_basic, lair_entry_dummy
D:10:     layout_basic, david_orc_2, serial_shops, shop, shop, shop,
          small_statue_alley_b, hangedman_abyss_or_decor_slice,
          minmay_unpleasant_kobolds
Temple:   minmay_temple_bridge_d
Lair:1:   layout_roguey, lemuel_fruit_tree
Lair:2:   layout_regular_city, chequers_serial_rivers_micro_c,
          beast_lair_carwin_11, uniq_gastronok
Lair:3:   layout_chaotic_city, nicolae_swamp_entry_splash_gauntlet,
          dummy_snake_entry, nicolae_volcano_entry_hallway,
          infiniplex_staircase_pool_2, grunt_megastairs_3
Lair:4:   layout_gridlike, basic_altar, minivault_27,
          cheibrodos_lair_reptile_den, uniq_kirke

Skill      XL: |  1  2  3  4  5  6  7  8  9 10 11 |
---------------+----------------------------------+-----
Fighting       | 4 5 6 7 9 10 11 13 | 13.1
Axes           | 4 5 6 7 9 10 11 13 | 13.1
Armour         | 3 4 5 6 8 9 11 12 | 12.8
Shields        | 4 6 8 |  8.2
Dodging        | |  2.1

Action                     |  1- 3 |  4- 6 |  7- 9 | 10-12 || total
---------------------------+-------+-------+-------+-------++-------
  Melee: Hand axe          |    74 |   192 |   302 |   277 ||   845
         Headbutt          |    12 |    21 |    56 |    72 ||   161
         Punch             |     1 |     4 |     3 |       ||     8
         War axe           |       |       |       |    36 ||    36
         Morningstar       |       |       |       |     3 ||     3
 Invoke: Berserk           |       |       |     6 |     7 ||    13
 Armour: Animal skin       |    16 |       |       |       ||    16
         Chain mail        |     1 |   109 |   135 |       ||   245
         Swamp dragon scal |       |       |    37 |   101 ||   138
  Dodge: Dodged            |    53 |    78 |   162 |   100 ||   393
  Block: Buckler           |       |       |    24 |   151 ||   175
         Reflection        |       |       |       |     4 ||     4
